 Dungeon Crawl Stone Soup version 0.19.5 (webtiles) character file.

262 JustSomeDude the Skirmisher (level 5, -1/42 HPs)
             Began as a Demonspawn Fighter on Apr 27, 2017.
             Slain by Grinder (4 damage)
             ... on level 4 of the Dungeon on May 1, 2017.
             The game lasted 00:07:20 (2376 turns).

JustSomeDude the Skirmisher (Demonspawn Fighter)    Turns: 2376, Time: 00:07:21

Health: -1/42      AC: 10    Str: 17    XL:     5   Next: 97%
Magic:  5/5        EV:  7    Int: 10    God:
Gold:   106        SH:  9    Dex: 12    Spells: 0 memorised, 4 levels left

rFire  . . .     SeeInvis .     a - +0 trident
rCold  + . .     Gourm    .     b - +0 scale mail
rNeg   . . .     Faith    .     c - +0 shield
rPois  .         Spirit   .     (no helmet)
rElec  .         Reflect  .     u - +2 cloak
rCorr  .         Harm     .     (no gloves)
MR     +....                    (no boots)
Stlth  ..........               (no amulet)
                                g - ring of ice
                                t - ring of protection from magic

@: no status effects
A: fire resistance 1, flame cloud immunity
a: no special abilities


You were on level 4 of the Dungeon.
You were not hungry.

You visited 1 branch of the dungeon, and saw 4 of its levels.

You collected 106 gold pieces.

Inventory:

Hand Weapons
 a - a +0 trident (weapon)
Armour
 b - a +0 scale mail (worn)
 c - a +0 shield (worn)
 u - a +2 cloak (worn)
Jewellery
 d - a +1 ring of evasion {unknown}
 g - a ring of ice (right hand)
 t - a ring of protection from magic (left hand)
Scrolls
 h - a scroll of amnesia {unknown}
 i - 2 scrolls of blinking {unknown}
 k - a scroll of remove curse {unknown}
 l - a scroll of enchant armour {unknown}
 m - a scroll of fog {unknown}
 q - 2 scrolls of teleportation {unknown}
 r - 2 scrolls of magic mapping {unknown}
 v - a scroll of immolation {unknown}
 y - 3 scrolls of identify {unknown}
 z - a scroll of random uselessness {unknown}
 A - 2 scrolls of noise {unknown}
Potions
 e - a potion of flight {unknown}
 j - a potion of degeneration {unknown}
 o - 2 potions of cancellation {unknown}
 s - a potion of lignification {unknown}
 w - a potion of mutation {unknown}
 x - a potion of might
Comestibles
 f - 4 bread rations
 n - a meat ration
 p - 2 chunks of flesh


   Skills:
 + Level 4.1 Fighting
 + Level 4.0 Polearms
 + Level 3.2 Armour
 + Level 1.3 Dodging
 + Level 3.1 Shields


You had 4 spell levels left.
You didn't know any spells.

Dungeon Overview and Level Annotations

Branches:
Dungeon (4/15)
 Temple: D:4-7

Altars:
Trog

Annotations:
D:4 Grinder


Innate Abilities, Weirdness & Mutations

Your flesh is heat resistant. (rF+)
You are immune to clouds of flame.


Message History

Grinder hits you!
You barely miss Grinder.
Grinder is heavily wounded.
Grinder says, "I used to sell toenails on the black market."
Grinder barely misses you.
You closely miss Grinder.
Grinder is heavily wounded.
Grinder hits you!
You writhe in agony.
You puncture Grinder!
Grinder is heavily wounded.
Grinder hits you. Grinder barely misses you.
You closely miss Grinder.
Grinder is heavily wounded.
Grinder barely misses you.
You hit Grinder.
Grinder is severely wounded.
Grinder hits you!
* * * LOW HITPOINT WARNING * * *
You writhe in agony.
You die...

##.............
#.............#
##.......<......
##.............#.
##..............#
##.....#.........#
##.....###.......##
###.....##
##......# #...5@.##
#......# #.......#
##....## #.......##
#...# ...?...##
#..# ....### ###
..## #


You could see Grinder.

Vanquished Creatures
  The ghost of Inarius the Skirmisher, an amateur MiFi of Okawaru (D:3)
  Terence (D:2)
  A worker ant (D:3)
  5 adders
  2 worms
  A dart slug (D:2)
  5 leopard geckos
  5 orcs (D:3)
  3 giant cockroaches
  5 goblins
  2 hobgoblins
  3 jackals (D:3)
  2 quokkas
  12 bats
  8 frilled lizards
  6 kobolds
  6 rats
68 creatures vanquished.

Notes
Turn   | Place    | Note
-------+----------+-------------------------------------------
     0 | D:1      | JustSomeDude the Demonspawn Fighter began the quest for the Orb.
     0 | D:1      | Reached XP level 1. HP: 18/18 MP: 1/1
   284 | D:1      | Gained mutation: Your flesh is heat resistant. (rF+) [demonic ancestry]
   284 | D:1      | Reached XP level 2. HP: 24/24 MP: 2/2
   842 | D:2      | Noticed Terence
   880 | D:2      | Killed Terence
   880 | D:2      | Gained mutation: You are immune to clouds of flame. [demonic ancestry]
   880 | D:2      | Reached XP level 3. HP: 12/29 MP: 3/3
  1397 | D:2      | Reached XP level 4. HP: 36/37 MP: 4/4
  1750 | D:3      | Noticed Inarius's ghost (amateur MiFi)
  1780 | D:3      | Killed Inarius's ghost
  1780 | D:3      | Reached XP level 5. HP: 32/42 MP: 5/5
  1820 | D:3      | Reached skill level 1 in Dodging
  1831 | D:3      | Found a bloodstained altar of Trog.
  2359 | D:4      | Noticed Grinder
  2376 | D:4      | Slain by Grinder

Skill      XL: |  1  2  3  4  5 |
---------------+----------------+-----
Polearms       | 2 3 4 |  4.0
Armour         | 3 |  3.2
Fighting       | 4 |  4.1
Shields        | 3 |  3.1
Dodging        | 1 |  1.3

Action                   |  1- 3 |  4- 6 || total
-------------------------+-------+-------++-------
Melee: Trident           |   101 |   232 ||   333
  Use: Potion            |       |     1 ||     1
  Eat: Chunk             |     2 |     3 ||     5
Armor: Scale mail        |    43 |   107 ||   150
Dodge: Dodged            |    24 |    67 ||    91
Block: Shield            |    31 |    91 ||   122
